 Dungeon Crawl Stone Soup version 0.31.0-9-g3a7656b989 (webtiles) character file.

Game seed: 10256927956118581820

1812 qw the Skirmisher (level 8, -8/46 HPs)
             Began as a Deep Elf Hunter on Feb 2, 2024.
             Was a Believer of Okawaru.
             Mangled by an orc warrior
             ... wielding a +0 scimitar
              (10 damage)
             ... on level 7 of the Dungeon.
             The game lasted 00:00:26 (5993 turns).

qw the Skirmisher (Deep Elf Hunter)                 Turns: 5993, Time: 00:00:27

Health: -8/46      AC:  6    Str:  8    XL:     8   Next: 84%
Magic:  13/13      EV: 11    Int: 18    God:    Okawaru [**....]
Gold:   88         SH:  0    Dex: 18    Spells: 7/7 levels left

rFire   . . .        a - +3 shortbow
rCold   + . .        (shield currently unavailable)
rNeg    . . .        i - +1 ring mail {rF+}
rPois   .            (helmet restricted)
rElec   .            (no cloak)
rCorr   .            (no gloves)
SInv    .            (no boots)
Will    +....        (no amulet) Stlth
                     d - ring of Dishonesty {Ice Will+ Int+3 Stlth-}
HPRegen 0.27/turn    (no ring)
MPRegen 0.13/turn

%: no passive effects
@: about to teleport
A: horns 1, weak 1
a: Renounce Religion, Heroism


You were on level 7 of the Dungeon.
You worshipped Okawaru.
Okawaru was pleased with you.
You visited 2 branches of the dungeon, and saw 8 of its levels.

You collected 422 gold pieces.
You spent 334 gold pieces at shops.


Innate Abilities, Weirdness & Mutations

You have a pair of small horns on your head.
You are weak. (Str -2)


   Skills:
 - Level 3.3 Fighting
 + Level 13.3 Ranged Weapons
 - Level 1.1 Armour
 - Level 4.0 Dodging
 - Level 1.2 Stealth
 - Level 4.0 Invocations


You had 7 spell levels left.
You didn't know any spells.
Your spell library was empty.

Inventory:

Hand Weapons
 a - a +3 shortbow (weapon)
Armour
 h - the +0 scale mail "Ziholipn" {+Inv rElec rC+}
   (You found it on level 5 of the Dungeon)

   rC+:       It protects you from cold.
   rElec:     It insulates you from electricity.
   +Inv:      It lets you turn invisible.
 i - a +1 ring mail of fire resistance (worn)
 n - a +0 pair of boots
Jewellery
 d - the ring of Dishonesty (left hand) {Ice Will+ Int+3 Stlth-}
   (You acquired it on level 2 of the Dungeon)

   [ring of ice]

   Ice:       It enhances your ice magic.
   Int+3:     It affects your intelligence (+3).
   rF-:       It makes you vulnerable to fire.
   rC+:       It protects you from cold.
   Will+:     It increases your willpower.
   Stlth-:    It makes you less stealthy.
Wands
 b - a wand of acid (15)
 c - a wand of charming (10)
 q - a wand of polymorph (4)
Scrolls
 p - 2 scrolls of identify
Potions
 e - 2 potions of enlightenment
 f - 2 potions of resistance
 g - a potion of lignification {unknown}
 j - 3 potions of curing
 k - a potion of haste
 l - a potion of magic {unknown}
 m - a potion of mutation
 o - a potion of degeneration {unknown}

Dungeon Overview and Level Annotations

Branches:
Dungeon (7/15)             Temple (1/1) D:4

Altars:
Ashenzari
Cheibriados
Fedhas
Gozag
Hepliaklqana
Kikubaaqudgha
Makhleb
Nemelex Xobeh
Okawaru
Ru
Sif Muna
Trog
Uskayaw
Vehumet
Wu Jian
Xom
Yredelemnul
Zin

Shops:
D:7 *

Annotations:
D:7 3 runed translucent doors, qw's ghost, novice SpHu


Message History

The orc is heavily wounded.
You shoot an arrow. The arrow hits the orc.
The orc is almost dead.
The orc hits you with a +0 short sword.
You shoot an arrow. The arrow hits the orc.
You kill the orc!
Okawaru accepts your kill.
The orc warrior throws a stone.
The stone closely misses you.
You shoot an arrow. The arrow hits the orc warrior.
The orc warrior is lightly wounded.
You shoot an arrow.
The arrow barely misses the orc warrior.
You shoot an arrow. The arrow hits the orc warrior.
The orc warrior is lightly wounded.
The orc warrior closely misses you.
You shoot an arrow.
The arrow hits the orc warrior but does no damage.
The orc warrior is lightly wounded.
The orc warrior barely misses you.
You shoot an arrow. The arrow hits the orc warrior!
The orc warrior is moderately wounded.
The orc warrior hits you with a +0 scimitar.
You shoot an arrow.
The arrow closely misses the orc warrior.
The orc warrior hits you with a +0 scimitar.
You shoot an arrow.
The arrow closely misses the orc warrior.
The orc warrior hits you with a +0 scimitar!
You shoot an arrow.
The arrow hits the orc warrior but does no damage.
The orc warrior is moderately wounded.
The orc warrior closely misses you.
You shoot an arrow. The arrow hits the orc warrior!
The orc warrior is severely wounded.
The orc warrior hits you with a +0 scimitar!
5993 ||| READING scroll of teleportation.
As you read the scroll of teleportation, it crumbles to dust.
You feel strangely unstable.
The orc warrior hits you with a +0 scimitar!
You die...

#......#..........
#......#..........
#......#....##....
#......#######....
#......#_...##..<.
#......#....##..>\ ####
#......#..........
#....#......#.......... ....#
#..).o@.....#..........
....#..........#..(...#..........
....#......... #....).#).....)...
..<.+........ #......####%##....
....#....##. #............#....
....#....#############......#....
....#.....#..........#......#....
)...#.....#..........'......#....
....'.....#..........#......#....


You could see an orc warrior.

Vanquished Creatures
  Menkaure (D:7)
  An ice beast (D:5)
  A black bear (D:7)
  An orc warrior (D:7)
  A phantom (D:5)
  2 bullfrogs (D:7)
  Blork the orc (D:6)
  A necrophage (D:4)
  A scorpion (D:5)
  A wight (D:4)
  4 hounds
  A human zombie (D:4)
  3 jellies (D:5)
  A bombardier beetle (D:5)
  3 orc priests
  Jessica (D:2)
  2 orc wizards
  4 iguanas
  2 scorpion zombies (D:4)
  Terence (D:3)
  A statue (D:4)
  2 hound zombies (D:4)
  3 mummies (D:4)
  4 gnolls (D:4)
  10 adders
  A white imp (D:5)
  4 ufetubi (D:5)
  2 adder zombies (D:4)
  5 dart slugs
  16 orcs
  5 bats
  8 endoplasms
  5 giant cockroaches
  7 goblins
  6 hobgoblins
  10 kobolds
  5 quokkas
  14 ball pythons
  7 rats
148 creatures vanquished.

Notes
Turn   | Place    | Note
-------+----------+-------------------------------------------
     0 | D:1      | qw the Deep Elf Hunter began the quest for the Orb.
     0 | D:1      | Reached XP level 1. HP: 12/12 MP: 3/3
     0 | D:1      | 0 ||| qw: Version: 0.3-a-155-g5e7d8dd
     0 | D:1      | 0 ||| qw: Game counter: 2385
     0 | D:1      | 0 ||| qw: Melee chars always use a shield: true
     0 | D:1      | 0 ||| qw: God list: Okawaru
     0 | D:1      | 0 ||| qw: Allow faded altars: false
     0 | D:1      | 0 ||| qw: Do Orc after clearing Dungeon:15 true
     0 | D:1      | 0 ||| qw: Do second Lair branch before Depths: true
     0 | D:1      | 0 ||| qw: Lair rune preference: random
     0 | D:1      | 0 ||| qw: Goals: Normal
     0 | D:1      | 0 ||| PLANNING D:1-11
   131 | D:1      | Reached skill level 6 in Ranged Weapons
   131 | D:1      | Reached XP level 2. HP: 13/16 MP: 4/4
   532 | D:1      | Reached XP level 3. HP: 20/20 MP: 5/5
   714 | D:1      | Found a faded altar of an unknown god.
   884 | D:1      | 884 ||| UPGRADING to +0 scale mail.
   894 | D:1      | 894 ||| DROPPING +0 leather armour.
   895 | D:1      | 895 ||| READING scroll labelled BISHAT FU OGUK.
   896 | D:1      | 896 ||| READING scroll labelled GECRIZYCRI.
   896 | D:1      | 896 ||| IDENTIFYING sapphire potion
   897 | D:1      | 897 ||| READING scroll labelled JEUW NEROCONO.
   897 | D:1      | 897 ||| ENCHANTING +0 shortbow.
   898 | D:1      | 898 ||| DROPPING scroll of butterflies.
   899 | D:1      | 899 ||| DROPPING potion of brilliance.
  1072 | D:2      | Reached skill level 7 in Ranged Weapons
  1177 | D:2      | Reached XP level 4. HP: 25/25 MP: 6/6
  1456 | D:2      | 1456 ||| READING scroll of enchant weapon.
  1456 | D:2      | 1456 ||| ENCHANTING +1 shortbow.
  1622 | D:2      | Noticed Jessica
  1625 | D:2      | Killed Jessica
  1626 | D:2      | Reached skill level 8 in Ranged Weapons
  1628 | D:2      | 1628 ||| READING scroll labelled JIKHUTHROEDO.
  1628 | D:2      | Identified a scroll of acquirement
  1628 | D:2      | 1628 ||| ACQUIRING ring of Dishonesty {Ice Will+ Int+3
                  | Stlth-}
  1628 | D:2      | Acquired the ring of Dishonesty {Ice Will+ Int+3 Stlth-}
  1630 | D:2      | 1630 ||| UPGRADING to ring of Dishonesty {Ice Will+ Int+3
                  | Stlth-}.
  1631 | D:2      | 1631 ||| DRINKING 3 clear potions.
  1652 | D:3      | 1652 ||| READING scroll of enchant weapon.
  1652 | D:3      | 1652 ||| ENCHANTING +2 shortbow.
  1822 | D:3      | Noticed Terence
  1830 | D:3      | Killed Terence
  1831 | D:3      | Reached XP level 5. HP: 13/29 MP: 7/7
  1837 | D:3      | 1837 ||| FLEEEEING.
  2416 | D:3      | 2416 ||| UPGRADING to +1 ring mail of fire resistance.
  2426 | D:3      | 2426 ||| DROPPING +0 scale mail.
  2427 | D:3      | 2427 ||| READING scroll labelled BAOMOMIDAN.
  2528 | D:3      | 2528 ||| READING scroll labelled NOCIUS MUCOOCS.
  2532 | D:3      | 2532 ||| READING scroll labelled FUEGIE ZAETAE.
  2630 | D:4      | Found a staircase to the Ecumenical Temple.
  2631 | D:4      | 2631 ||| PLANNING TEMPLE
  2637 | D:4      | Reached skill level 9 in Ranged Weapons
  2641 | Temple   | Entered the Ecumenical Temple
  2642 | Temple   | 2642 ||| PLANNING OKAWARU WORSHIP
  2651 | Temple   | Became a worshipper of Warmaster Okawaru
  2652 | Temple   | 2652 ||| PLANNING D:1-11
  2871 | D:4      | Found the +5 woodcutter's axe
  3018 | D:4      | Reached XP level 6. HP: 19/35 MP: 8/8
  3210 | D:4      | Reached skill level 10 in Ranged Weapons
  3235 | D:4      | Reached skill level 3 in Dodging
  3324 | D:4      | Found a basalt altar of Yredelemnul.
  3441 | D:4      | Found a radiant altar of Vehumet.
  3444 | D:4      | Reached * piety under Okawaru
  3498 | D:4      | Reached XP level 7. HP: 32/40 MP: 9/9
  3740 | D:4      | 3740 ||| READING scroll of identify.
  3740 | D:4      | 3740 ||| IDENTIFYING sedimented inky potion
  3741 | D:4      | 3741 ||| DRINKING 2 fizzy blue potions.
  3771 | D:5      | Entered Level 5 of the Dungeon
  3778 | D:5      | Reached skill level 1 in Invocations
  3836 | D:5      | Reached skill level 11 in Ranged Weapons
  3859 | D:5      | 3859 ||| RETREEEEATING.
  3875 | D:5      | Reached skill level 3 in Invocations
  3878 | D:5      | HP: 9/40 [orc wizard/puff of flame (6)]
  3879 | D:5      | 3879 ||| DRINKING potion of heal wounds.
  4143 | D:5      | Identified the +0 scale mail "Ziholipn" {+Inv rElec rC+}
  4184 | D:5      | Reached XP level 8. HP: 44/44 MP: 11/13
  4184 | D:5      | Reached ** piety under Okawaru
  4231 | D:5      | Reached skill level 12 in Ranged Weapons
  4452 | D:5      | 4452 ||| READING scroll of identify.
  4452 | D:5      | 4452 ||| IDENTIFYING viscous brown potion
  4453 | D:5      | 4453 ||| READING scroll labelled VASI VULIOT.
  4476 | D:6      | Reached skill level 1 in Armour
  4563 | D:6      | Found an opulent altar of Gozag.
  4662 | D:6      | Noticed Blork the orc
  4668 | D:6      | Killed Blork the orc
  4846 | D:6      | Identified the +1 buckler of Locexuos {rF- Str+3 Stlth+}
  5077 | D:6      | Found a sacrificial altar of Ru.
  5354 | D:6      | 5354 ||| READING 2 scrolls of identify.
  5354 | D:6      | 5354 ||| IDENTIFYING viscous puce potion
  5355 | D:6      | 5355 ||| READING scroll of identify.
  5355 | D:6      | 5355 ||| IDENTIFYING orange potion
  5356 | D:6      | 5356 ||| READING scroll labelled TIYSHR ZOMOU.
  5357 | D:6      | 5357 ||| DROPPING potion of invisibility.
  5384 | D:7      | Reached skill level 3 in Fighting
  5435 | D:7      | 5435 ||| DRINKING 2 gluggy clear potions.
  5435 | D:7      | Gained mutation: You are weak. (Str -2) [potion of
                  | mutation]
  5435 | D:7      | Gained mutation: You have a pair of small horns on your
                  | head. [potion of mutation]
  5486 | D:7      | Found Fearaose's Assorted Antiques.
  5489 | D:7      | 5489 ||| BUYING fizzy silvery potion (32 gold).
  5489 | D:7      | Bought a fizzy silvery potion for 32 gold pieces
  5489 | D:7      | 5489 ||| BUYING lumpy blue potion (32 gold).
  5489 | D:7      | Bought a lumpy blue potion for 32 gold pieces
  5489 | D:7      | 5489 ||| BUYING pair of boots (162 gold).
  5489 | D:7      | Bought a pair of boots for 162 gold pieces
  5489 | D:7      | 5489 ||| BUYING potion of curing (108 gold).
  5489 | D:7      | Bought a potion of curing for 108 gold pieces
  5489 | D:7      | 5489 ||| SHOPLISTING shiny ring mail (252 gold, have 22).
  5491 | D:7      | Found a sparkling altar of Nemelex Xobeh.
  5635 | D:7      | Noticed Menkaure
  5637 | D:7      | 5637 ||| INVOKING Heroism.
  5638 | D:7      | HP: 10/46 [Menkaure (14)]
  5640 | D:7      | Killed Menkaure
  5641 | D:7      | Reached skill level 13 in Ranged Weapons
  5800 | D:7      | Found a runed translucent gate.
  5800 | D:7      | Noticed qw's ghost (novice SpHu)
  5801 | D:7      | Found a runed translucent gate.
  5801 | D:7      | Identified the +2 chain mail "Sonely" {Harm}
  5802 | D:7      | Found a runed translucent gate.
  5992 | D:7      | HP: 2/46 [orc warrior/+0 scimitar (11)]
  5993 | D:7      | 5993 ||| READING scroll of teleportation.
  5993 | D:7      | Mangled by an orc warrior

Levels and vault maps discovered:
D:1:      sevenhm_arrival_forest_fort_large_2, layout_basic,
          dreamdust_ecumenical_altar_sealed_demon
D:2:      layout_loops_ring, uniq_jessica
D:3:      layout_loops_cross, minmay_shallow_snake_nest, uniq_terence
D:4:      layout_basic, lemuel_mausoleum_altar_yredelemnul, vehumet_statue,
          minmay_temple_entry_sparse_star, hangedman_decor_growths
D:5:      layout_cave_pools, grunt_ministairs_6, kennysheep_generic_room_2
D:6:      layout_basic, mainiacjoe_overflow_concentric_impassable,
          mainiacjoe_overflow_24_doors, uniq_blork_the_orc
D:7:      layout_gridville, overflow_temple_1_default, serial_shops,
          nicolae_shop_dealshenge, biasface_ghost_orc_armoury,
          nicolae_fountain_basement, uniq_menkaure
Temple:   nicolae_temple_bog_church

Skill      XL: |  1  2  3  4  5  6  7  8 |
---------------+-------------------------+-----
Ranged Weapons | 6 7 8 9 10 11 13 | 13.3
Fighting       | 2 3 |  3.3
Dodging        | 3 4 |  4.0
Invocations    | 4 |  4.0
Armour         | 1 |  1.1
Stealth        | |  1.2

Action                     |  1- 3 |  4- 6 |  7- 9 || total
---------------------------+-------+-------+-------++-------
   Fire: Shortbow          |    71 |   225 |   226 ||   522
 Invoke: Heroism           |       |       |     1 ||     1
    Use: Scroll            |     3 |     6 |     7 ||    16
         Potion            |       |     1 |     3 ||     4
 Armour: Leather armour    |     6 |       |       ||     6
         Scale mail        |     5 |    39 |       ||    44
         Ring mail         |       |    51 |    76 ||   127
  Dodge: Dodged            |     9 |    62 |    70 ||   141

Table legend:
 A = Non-vault XP
 B = Vault XP
 C = Vault XP percentage of total XP
 D = Non-vault monster count
 E = Vault monster count
 F = Vault count percentage of total count
                 A         B        C        D         E       F
            +---------+---------+-------+---------+---------+-------
      Total |    1511 |    1078 |  41.6 |     122 |      26 |  17.6
            +---------+---------+-------+---------+---------+-------
        D:1 |      52 |       0 |   0.0 |      27 |       0 |   0.0
        D:2 |      62 |      37 |  37.4 |      20 |       1 |   4.8
        D:3 |      51 |      52 |  50.5 |      19 |       6 |  24.0
        D:4 |     123 |     409 |  76.9 |      15 |      13 |  46.4
        D:5 |     632 |     188 |  22.9 |      23 |       3 |  11.5
        D:6 |     148 |      91 |  38.1 |      10 |       1 |   9.1
        D:7 |     443 |     301 |  40.5 |       8 |       2 |  20.0
            +---------+---------+-------+---------+---------+-------
